 Dungeon Crawl Stone Soup version 0.23-a0-358-g98c7a59 (webtiles) character file.

232 BingusPrime the Covered (level 6, -2/49 HPs)
             Began as a Barachi Fighter on Oct 22, 2018.
             Slain by an adder (4 damage)
             ... on level 2 of the Dungeon.
             The game lasted 00:03:07 (1090 turns).

BingusPrime the Covered (Barachi Fighter)           Turns: 1090, Time: 00:03:08

Health: -2/49      AC:  7    Str: 19    XL:     6   Next: 4%
Magic:  6/6        EV:  8    Int:  8    God:
Gold:   91         SH:  9    Dex: 12    Spells: 5/5 levels left

rFire    + . .     SeeInvis .   a - +0 trident
rCold    . . .     Gourm    .   c - +0 shield
rNeg     . . .     Faith    .   b - +0 scale mail
rPois    .         Spirit   .   (no helmet)
rElec    .         Reflect  .   (no cloak)
rCorr    .         Harm     .   (no gloves)
MR       .....                  (no boots)
Stlth    ..........             (no amulet)
HPRegen  0.16/turn              h - ring of protection from fire
MPRegen  0.10/turn              (no ring)

@: lethally poisoned (-2 -> -9), very slightly contaminated, slowed, very slow
A: +LOS, swims, slowness 1, strong legs 1
a: Hop


You were on level 2 of the Dungeon.
You were not hungry.

You visited 1 branch of the dungeon, and saw 2 of its levels.

You collected 91 gold pieces.

Inventory:

Hand Weapons
 a - a +0 trident (weapon)
Missiles
 k - 41 stones (quivered)
Armour
 b - a +0 scale mail (worn)
 c - a +0 shield (worn)
Jewellery
 h - a ring of protection from fire (left hand)
Scrolls
 e - 4 scrolls of identify {unknown}
Potions
 d - a potion of might
 i - a potion of flight {unknown}
 j - a potion of lignification {unknown}
Comestibles
 f - 5 rations
 g - 2 chunks of flesh


   Skills:
 + Level 4.3 Fighting
 + Level 4.0 Polearms
 + Level 0.2 Throwing
 + Level 4.4 Armour
 + Level 1.9 Dodging
 + Level 0.2 Stealth
 + Level 4.3 Shields


You had 5 spell levels left.
You didn't know any spells.
Your spell library was empty.

Dungeon Overview and Level Annotations

Branches:
Dungeon (2/15)

Altars:


Innate Abilities, Weirdness & Mutations

Shadows flee at your approach. (+LOS)
You can swim through water.
You cover ground slowly.
You can hop short distances.


Message History

The adder poisons you! Jessica casts a spell at you.
Pain shoots through your body!
* * * LOW HITPOINT WARNING * * *
The adder bites you but does no damage.
You puncture Jessica!
Jessica is almost dead.
* * * LOW HITPOINT WARNING * * *
You feel sick. You block Jessica's attack. You block the adder's attack.
Jessica points at you and mumbles some strange words.
You feel yourself slow down.
You hit Jessica.
You kill Jessica!
You have reached level 6!
Your experience leads to an increase in your attributes!
Increase (S)trength, (I)ntelligence, or (D)exterity?
You feel stronger.
* * * LOW HITPOINT WARNING * * *
You feel sick. The adder bites you.
You die...

################
#..............#####
.................P.P
##.####...P...≈≈....
.............≈≈≈≈♣.P
##.#####†PPP≈≈≈≈≈≈..
#P..≈≈≈≈≈≈≈).
#############..≈≈≈≈≈≈≈)≈.
......wS@)..#..≈≈≈≈≈≈≈≈≈.
...#...#)..#..≈≈.≈≈≈≈≈≈♣.
......?........♣..≈≈≈≈..P
...#...#...#(......≈≈≈...
............#P....P≈≈....
##
###########.P..P.....P%P
.##### #.#
#.##..†.##)..## <....#
#.# #. #....###.## ####.#
#.# # #....##...##


You could see a worm and an adder.

Vanquished Creatures
  Sigmund (D:2)
  Jessica (D:2)
  An adder (D:2)
  A worm (D:2)
  2 dart slugs (D:1)
  2 leopard geckos (D:1)
  A ball python (D:1)
  3 bats (D:1)
  3 giant cockroaches
  4 goblins
  4 hobgoblins
  4 jackals (D:1)
  2 quokkas (D:2)
  A frilled lizard (D:1)
  2 kobolds (D:1)
  9 rats
41 creatures vanquished.

Notes
Turn   | Place    | Note
-------+----------+-------------------------------------------
     0 | D:1      | BingusPrime the Barachi Fighter began the quest for the
                  | Orb.
     0 | D:1      | Reached XP level 1. HP: 18/18 MP: 1/1
    37 | D:1      | Reached XP level 2. HP: 19/25 MP: 2/2
   305 | D:1      | Reached XP level 3. HP: 29/30 MP: 3/3
  1021 | D:2      | Reached XP level 4. HP: 37/37 MP: 4/4
  1026 | D:2      | Noticed Sigmund
  1053 | D:2      | Killed Sigmund
  1053 | D:2      | Reached skill level 1 in Dodging
  1053 | D:2      | Reached XP level 5. HP: 34/43 MP: 5/5
  1076 | D:2      | Noticed Jessica
  1090 | D:2      | Killed Jessica
  1090 | D:2      | Reached XP level 6. HP: 4/49 MP: 6/6
  1090 | D:2      | HP: 2/49 [poisoned by an adder]
  1090 | D:2      | Slain by an adder

Vault maps used:
D:1:      sevenhm_arrival_forest_fort_small_6
D:2:      overflow_temple_1_default, lemuel_coloured_pillars_altar,
          serial_bayou_pond_d, guppyfry_early_lair_pool, uniq_sigmund,
          uniq_natasha, uniq_jessica

Skill      XL: |  1  2  3  4 |
---------------+-------------+-----
Fighting       | 4 |  4.3
Polearms       | 3 4 |  4.0
Shields        | 4 |  4.3
Armour         | 4 |  4.4
Dodging        | 1 |  1.9
Throwing       | |  0.2
Stealth        | |  0.2

Action                   |  1- 3 |  4- 6 || total
-------------------------+-------+-------++-------
Melee: Trident           |   152 |    30 ||   182
Throw: Stone             |     3 |       ||     3
  Use: Potion            |       |     2 ||     2
  Eat: Chunk             |       |     1 ||     1
Armor: Scale mail        |    62 |    11 ||    73
Dodge: Dodged            |    45 |     5 ||    50
Block: Shield            |    87 |    10 ||    97

Table legend:
 A = Non-vault XP
 B = Vault XP
 C = Vault XP percentage of total XP
 D = Non-vault monster count
 E = Vault monster count
 F = Vault count percentage of total count
                 A         B        C        D         E       F
            +---------+---------+-------+---------+---------+-------
      Total |      87 |     245 |  73.8 |      39 |       2 |   4.9
            +---------+---------+-------+---------+---------+-------
        D:1 |      55 |       0 |   0.0 |      30 |       0 |   0.0
        D:2 |      32 |     245 |  88.4 |       9 |       2 |  18.2
            +---------+---------+-------+---------+---------+-------
